 Dungeon Crawl Stone Soup version 0.31.0-1-g2c135a0 (webtiles) character file.

Game seed: 10446228859439730068

133 jagoly the Conjurer (level 5, -4/34 HPs)
             Began as an Octopode Conjurer on Jan 25, 2024.
             Was a Believer of Vehumet.
             Slain by an orc priest
             ... wielding a +0 hand axe
              (7 damage)
             ... on level 3 of the Dungeon.
             The game lasted 00:10:48 (882 turns).

jagoly the Conjurer (Octopode Conjurer)              Turns: 882, Time: 00:10:49

Health: -4/34      AC:  3    Str:  6    XL:     5   Next: 16%
Magic:  9/9        EV: 13    Int: 23    God:    Vehumet [**....]
Gold:   117        SH:  0    Dex: 10    Spells: 7/10 levels left

rFire   . . .        b - +0 sling
rCold   . . .        (no shield)
rNeg    . . .        s - +2 hat
rPois   .            (no amulet)
rElec   .            (no ring)
rCorr   .            (no ring)
SInv    .            (no ring)
Will    .....        (no ring)
Stlth   +++          (no ring)
HPRegen 0.25/turn    (no ring)
MPRegen 0.11/turn    (no ring)
                     (no ring)

%: no passive effects
@: no status effects
A: almost no armour, amphibious, 8 rings, camouflage 1, gelatinous body 1,
(nimble swimmer 1), tentacles
a: Renounce Religion


You were on level 3 of the Dungeon.
You worshipped Vehumet.
Vehumet was pleased with you.
You visited 1 branch of the dungeon, and saw 4 of its levels.

You collected 117 gold pieces.

Inventory:

Hand Weapons
 a - a +1 vampiric whip
 b - a +0 sling (weapon)
Missiles
 c - 18 stones
 p - 3 boomerangs
Armour
 s - a +2 hat (worn)
Scrolls
 e - a scroll of teleportation {unknown}
 f - 2 scrolls of enchant armour {unknown}
 j - a scroll of enchant weapon {unknown}
 l - a scroll of amnesia {unknown}
 m - a scroll of identify {unknown}
 n - a scroll of revelation {unknown}
 o - a scroll of fog {unknown}
 r - a scroll of fear {unknown}
 t - a scroll of torment {unknown}
Potions
 d - a potion of might {unknown}
 g - a potion of curing {unknown}
 h - a potion of cancellation {unknown}
 k - a potion of brilliance {unknown}
 q - a potion of ambrosia {unknown}
 u - a potion of resistance {unknown}


   Skills:
 - Level 2.0 Fighting
 - Level 2.0 Dodging
 - Level 3.0 Stealth
 - Level 3.0 Spellcasting
 + Level 5.2 Conjurations


You had 7 spell levels left.
You knew the following spells:

 Your Spells              Type           Power      Damage    Failure   Level
a - Magic Dart            Conj           100%       1d8       1%          1
s - Searing Ray           Conj           54%        2d6       1%          2

Your spell library contained the following spells:

 Spells                   Type           Power      Damage    Failure   Level
 Momentum Strike          Conj/Tloc      30%        3d8       6%          2
 Fulminant Prism          Conj/Alch      7%         3d7       36%         4
 Iskenderun's Mystic Bla  Conj/Tloc      15%        2d5       36%         4


Dungeon Overview and Level Annotations

Branches:
Dungeon (4/15) Zot: 23110
 Temple: D:4-7

Altars:
Vehumet

Annotations:
D:1 1 transporter
D:4 1 runed translucent door, Dowan, Duvessa, Menkaure


Innate Abilities, Weirdness & Mutations

You cannot wear most types of armour.
You are amphibious.
You can wear up to eight rings at the same time.
Your skin changes colour to match your surroundings (Stealth+).
Your rubbery body absorbs attacks. (AC +1, EV +1)
((You are camouflaged when in or above water. (Stealth+)))
You have tentacles for arms and can constrict up to eight enemies at once.


Message History

Aiming: Searing Ray (safe; 3% risk of failure)
Press: ? - help, Shift-Dir - straight line, f - orc wizard
Aim: an orc wizard, wielding a +0 dagger and wearing a +0 robe (72% to hit)
The searing ray hits the orc wizard.
The orc wizard is heavily wounded. (Press . to maintain the ray.)
The searing ray hits the orc wizard!
You kill the orc wizard!
Vehumet accepts your kill.
Things that are here:
a +0 dagger; a +0 robe
Found a scroll labelled XOENTAYMINK.
m - a scroll labelled XOENTAYMINK Magic restored.
A kobold comes into view. It is wielding a +0 club.
The helpless kobold fails to defend itself.
You hit the kobold. You grab the kobold.
The kobold is moderately wounded.
You constrict the kobold. The kobold hits you with a +0 club.
You hit the kobold.
You kill the kobold!
Vehumet accepts your kill.
c - 16 stones (gained 2)
Things that are here:
a +0 club; a kobold corpse Magic restored.
A ball python comes into view.
The helpless ball python fails to defend itself.
You hit the ball python. You grab the ball python.
The ball python is heavily wounded.
You constrict the ball python. The ball python bites you.
The ball python misses you.
You hit the ball python.
You feel better.
You kill the ball python!
Vehumet accepts your kill.
No target in view!
An adder comes into view.
Found a scroll labelled KEFIUL VIBIFURAT.
Cast which spell? (? or * to list)
Aiming: Searing Ray (safe; 3% risk of failure)
Press: ? - help, Shift-Dir - straight line, f - adder
Aim: an adder (63% to hit)
The searing ray hits the adder.
The adder is heavily wounded. (Press . to maintain the ray.)
The searing ray hits the adder!
You kill the adder!
Vehumet accepts your kill.
You feel your power returning.
You have reached level 4!
A rat comes into view.
Found 13 gold pieces.
The rat squeaks loudly.
You see here 13 gold pieces.
You now have 84 gold pieces (gained 13).
The rat closely misses you.
You hit the rat. You grab the rat.
The rat is severely wounded.
You constrict the rat.
You kill the rat!
Vehumet accepts your kill.
You feel your power returning.
No target in view!
f - 2 scrolls labelled KEFIUL VIBIFURAT (gained 1)
Found a scroll labelled XESKOFRENIO.
Magic restored.
A kobold comes into view. It is wielding a +0 whip.
The kobold shouts!
The kobold throws a stone.
The stone hits you. The kobold misses you.
You miss the kobold. Your grab misses the kobold.
Your squeeze misses the kobold. The kobold hits you but does no damage.
You closely miss the kobold. Your grab misses the kobold.
Your squeeze misses the kobold. The kobold hits you with a +0 whip.
You hit the kobold. You grab the kobold.
You squeeze the kobold, but do no damage.
The kobold is moderately wounded.
You constrict the kobold. The kobold closely misses you.
You hit the kobold.
You kill the kobold!
Vehumet accepts your kill.
No target in view!
c - 18 stones (gained 2)
Things that are here:
a +0 whip; a kobold corpse
n - a scroll labelled XESKOFRENIO
Found a stone staircase leading down.
There is a stone staircase leading down here.
HP restored.
You climb downwards.
Found 18 gold pieces and a robe.
Found a stone staircase leading down.
There is a stone staircase leading up here.
Found a scroll labelled BEUTIU XUGERPH.
A bat comes into view.
A bat is nearby! 2 jackals come into view.
Found a scale mail.
Cast which spell? (? or * to list)
Aiming: Magic Dart (safe; 1% risk of failure)
Press: ? - help, Shift-Dir - straight line, f - jackal
Aim: a jackal (asleep, 100% to hit)
The magic dart hits the jackal but does no damage.
The jackal barks!
You hear a bark!
Cast which spell? (? or * to list)
Aiming: Searing Ray (safe; 3% risk of failure)
Press: ? - help, Shift-Dir - straight line, f/p - jackal
Aim: a jackal (72% to hit)
The searing ray misses the jackal. (Press . to maintain the ray.)
You hear a shout!
The searing ray hits the bat!
You kill the bat!
Vehumet accepts your kill.
The searing ray hits the jackal!
You kill the jackal!
Vehumet accepts your kill.
You hit the jackal but do no damage. You grab the jackal.
You squeeze the jackal.
You kill the jackal!
Vehumet accepts your kill.
A jackal comes into view.
A hobgoblin comes into view.
You see here 18 gold pieces.
You now have 102 gold pieces (gained 18).
You see here a scroll labelled BEUTIU XUGERPH.
o - a scroll labelled BEUTIU XUGERPH Cast which spell? (? or * to list)
Aiming: Searing Ray (safe; 3% risk of failure)
Press: ? - help, Shift-Dir - straight line, f - jackal
Aim: a jackal (wandering, hasn't noticed you, 72% to hit)
The searing ray misses the jackal. (Press . to maintain the ray.)
The jackal barks!
The hobgoblin shouts!
The searing ray hits the jackal!
You kill the jackal!
Vehumet accepts your kill.
You hit the hobgoblin. You grab the hobgoblin.
The hobgoblin is almost dead.
You constrict the hobgoblin.
You kill the hobgoblin!
Vehumet accepts your kill.
You feel your power returning.
No target in view!
There is a stone staircase leading down here.
You climb downwards.
Found a robe.
There is a stone staircase leading up here.
Found a sling.
Found a runed translucent door.
Found 15 gold pieces.
Found a brown potion.
Found a robe.
The bullfrog gives a loud, deep croak!
You see here a +0 sling.
You feel the dreadful sensation subside.
p - a +0 sling (weapon)
The bullfrog snags a nearby mouse with its tongue.
You now have 117 gold pieces (gained 15).
q - a brown potion Magic restored.
Found a stone staircase leading down.
An orc comes into view. It is wielding a +0 mace.
An orc is nearby!
You shoot a sling bullet. The sling bullet hits the orc.
The orc is severely wounded.
You hear a shout!
An orc wizard comes into view. It is wielding a +0 dagger.
Cast which spell? (? or * to list)
Aiming: Searing Ray (safe; 3% risk of failure)
Press: ? - help, Shift-Dir - straight line, f - orc wizard
Aim: an orc wizard, wielding a +0 dagger and wearing a +0 robe (72% to hit)
The searing ray misses the orc wizard. (Press . to maintain the ray.)
You hear a shout!
The searing ray hits the orc wizard.
The orc wizard is lightly wounded.
The orc wizard points at you and mumbles some strange words.
The puff of flame hits you!
The searing ray hits the orc wizard!
The orc wizard is almost dead.
The searing ray hits the orc wizard!
You kill the orc wizard!
Vehumet accepts your kill.
Vehumet offers you knowledge of Momentum Strike.
You feel your power returning.
The searing ray hits the orc!
You kill the orc!
Vehumet accepts your kill.
You finish channelling your searing ray.
Training target 2.0 for Fighting reached!
Training target 3.0 for Spellcasting reached!
Your Fighting skill increases to level 2!
Your Spellcasting skill increases to level 3!
Things that are here:
a +0 dagger; a +0 robe; an orc corpse
Things that are here:
a +0 mace; an orc corpse An orc comes into view.
It is wielding a +0 hand axe.
Cast which spell? (? or * to list)
Aiming: Searing Ray (safe; 2% risk of failure)
Press: ? - help, Shift-Dir - straight line, f - orc
Aim: an orc, wielding a +0 hand axe (79% to hit)
The searing ray hits the orc.
The orc is almost dead. (Press . to maintain the ray.)
The searing ray hits the orc.
You kill the orc!
Vehumet accepts your kill.
You feel your power returning.
Found a scroll labelled JAETIS RINANN.
r - a scroll labelled JAETIS RINANN Menkaure, Prince of Dust comes into view.
Cast which spell? (? or * to list)
Aiming: Searing Ray (safe; 2% risk of failure)
Press: ? - help, Shift-Dir - straight line, f - Menkaure
Aim: Menkaure (90% to hit)
The searing ray misses Menkaure. (Press . to maintain the ray.)
The searing ray hits Menkaure!
Menkaure is moderately damaged.
Menkaure hits you!!
Ouch! That really hurt!
* * * LOW HITPOINT WARNING * * *
The searing ray misses Menkaure.
You aren't carrying any items that you can evoke.
Unknown command.
Press: ? - help, v - describe, . - travel
Here: Menkaure (moderately damaged)
The floor.
Unknown command.
Okay, then.
Unknown command.
Unknown command.
Unknown command.
Unknown command.
Unknown command.
Unknown command.
Menkaure casts a spell at you. Pain shoots through your body!
* * * LOW HITPOINT WARNING * * *
Unknown command.
Unknown command.
Menkaure giggles, "These cerements are ticklish..."
Found a sling.
A sleepcap comes into view.
There is a stone staircase leading up here.
You climb upwards.
There is a stone staircase leading down here.
You see here a +0 robe.
Found a stone staircase leading down.
Magic restored.
Magic restored.
There is a stone staircase leading down here.
You climb downwards.
Level annotation: 1 runed translucent door, Menkaure
Found a glowing hat.
There is a stone staircase leading up here.
You see here a +2 hat.
You start putting on your armour.
You continue putting on your +2 hat. x4
You finish putting on your +2 hat.
As you open the door, it creaks loudly!
Dowan and an ogre come into view.
The ogre shouts!
You hear a shout!
Duvessa, Sister of Dowan comes into view.
She is wielding a +3 short sword of holy wrath.
A hound comes into view.
Found 8 gold pieces.
Okay, then.
Okay, then.
Press: ? - help, v - describe, . - travel
Here: an ogre, wielding a +0 giant spiked club The floor.
Unknown command.
Unknown command.
Unknown command.
There is a stone staircase leading up here.
You climb upwards.
There is a stone staircase leading down here.
A ball python comes into view.
The ball python hisses angrily.
The ball python moves out of view.
A bat and Terence come into view.
The bat moves out of view.
Cast which spell? (? or * to list)
Aiming: Searing Ray (safe; 2% risk of failure)
Press: ? - help, Shift-Dir - straight line, f - Terence
Aim: Terence, wielding a +0 short sword and wearing a +0 chain mail (asleep, 100% to hit)
Okay, then.
Unknown command.
Cast which spell? (? or * to list)
Aiming: Searing Ray (safe; 2% risk of failure)
Press: ? - help, Shift-Dir - straight line, f - Terence
Aim: Terence, wielding a +0 short sword and wearing a +0 chain mail (asleep, 100% to hit)
The searing ray hits Terence.
Terence is moderately wounded.
Terence shouts! (Press . to maintain the ray.)
A kobold comes into view. It is wielding a +0 club.
Found a scroll labelled PIMMETH LAPNO.
Found a yellow potion.
Cast which spell? (? or * to list)
Aiming: Searing Ray (safe; 2% risk of failure)
Press: ? - help, Shift-Dir - straight line, f/p - Terence
Aim: Terence, wielding a +0 short sword and wearing a +0 chain mail (moderately wounded, 85% to hit)
The searing ray hits the ball python!
You kill the ball python!
Vehumet accepts your kill.
You feel your power returning.
The searing ray hits Terence but does no damage.
Terence is moderately wounded. (Press . to maintain the ray.)
The bat completely misses you.
The searing ray misses Terence.
The bat misses you.
The searing ray hits Terence but does no damage.
Terence is moderately wounded.
The bat closely misses you.
The searing ray hits Terence!
Terence is heavily wounded.
You finish channelling your searing ray.
The bat barely misses you. Terence misses you. The bat barely misses you.
Terence attacks as he pursues you! Terence misses you.
The bat hits you but does no damage.
You see here a +0 robe.
Fire: p) +0 sling
Press: ? - help, Shift-Dir - straight line, f/p - Terence
Aim: Terence, wielding a +0 short sword and wearing a +0 chain mail (heavily wounded, 61% to hit)
You shoot a sling bullet.
The sling bullet hits Terence but does no damage.
Terence is heavily wounded.
You hear a shout!
Terence hits you with a +0 short sword. Terence closely misses you.
Fire: p) +0 sling
Press: ? - help, Shift-Dir - straight line, f/p - Terence
Aim: Terence, wielding a +0 short sword and wearing a +0 chain mail (heavily wounded, 61% to hit)
You shoot a sling bullet.
The sling bullet closely misses Terence.
The sling bullet misses the bat.
Terence hits you with a +0 short sword.
Fire: p) +0 sling
Press: ? - help, Shift-Dir - straight line, f/p - Terence
Aim: Terence, wielding a +0 short sword and wearing a +0 chain mail (heavily wounded, 61% to hit)
You shoot a sling bullet. The sling bullet barely misses Terence.
The sling bullet barely misses the bat.
Terence closely misses you.
Fire: p) +0 sling
Press: ? - help, Shift-Dir - straight line, f/p - Terence
Aim: Terence, wielding a +0 short sword and wearing a +0 chain mail (heavily wounded, 61% to hit)
You shoot a sling bullet.
The sling bullet hits Terence but does no damage.
Terence is heavily wounded.
Terence closely misses you. Terence hits you but does no damage.
You feel a sense of dread.
i - a +1 vampiric whip (weapon)
Hit: i) +1 whip (vamp)
Press: ? - help, Dir - move target, f/p - Terence
Aim: Terence, wielding a +0 short sword and wearing a +0 chain mail (heavily wounded, about 35% to evade your +1 vampiric whip)
You hit Terence but do no damage. Your grab misses Terence.
You squeeze Terence!
Terence is almost dead.
Terence hits you with a +0 short sword.
Hit: i) +1 whip (vamp)
Press: ? - help, Dir - move target, f/p - Terence
Aim: Terence, wielding a +0 short sword and wearing a +0 chain mail (almost dead, about 35% to evade your +1 vampiric whip)
You hit Terence but do no damage. You grab Terence.
Terence is almost dead.
You constrict Terence, but do no damage.
Terence barely misses you. Terence hits you with a +0 short sword.
Cast which spell? (? or * to list)
Aiming: Searing Ray (safe; 2% risk of failure)
Press: ? - help, Shift-Dir - straight line, f - kobold, p - Terence
Aim: a kobold, wielding a +0 club and wearing a +0 leather armour (74% to hit)
The searing ray hits Terence!
You kill Terence!
Vehumet accepts your kill.
You feel your power returning.
The searing ray misses the kobold. (Press . to maintain the ray.)
The bat hits you but does no damage. The bat hits you.
Your Conjurations skill increases to level 5!
You have reached level 5!
You feel clever.
Cast which spell? (? or * to list) Restarting spell: Searing Ray (safe; 2% risk of failure)
Press: ? - help, Shift-Dir - straight line, f/p - kobold
Aim: a kobold, wielding a +0 club and wearing a +0 leather armour (74% to hit)
Okay, then.
You hit the bat.
You feel better.
You grab the bat. You squeeze the bat, but do no damage.
The bat is severely wounded.
You constrict the bat.
You kill the bat!
Vehumet accepts your kill.
You feel your power returning.
You hit the kobold.
You feel better.
Your grab misses the kobold.
The kobold is moderately wounded.
The kobold hits you with a +0 club.
* * * LOW HITPOINT WARNING * * *
You are too injured to fight recklessly!
You are too injured to fight recklessly!
Hit: i) +1 whip (vamp)
Press: ? - help, Dir - move target, f/p - kobold
Aim: a kobold, wielding a +0 club and wearing a +0 leather armour (moderately wounded, about 50% to evade your +1 vampiric whip)
You hit the kobold.
You feel better.
You kill the kobold!
Vehumet accepts your kill.
Hit: i) +1 whip (vamp)
Press: ? - help, Dir - move target, f - you
Okay, then.
Items here: )) [[ †.
Okay, then.
Found a dagger.
Found a fuming brown potion.
t - a scroll labelled PIMMETH LAPNO Unknown command.
Adjust (i)tems, (s)pells, or (a)bilities?
i - a +1 vampiric whip (weapon)
Adjust to which letter? (? for menu, Esc to quit)
a - a +1 vampiric whip (weapon);
i - a potion of magic Adjust (i)tems, (s)pells, or (a)bilities?
p - a +0 sling Adjust to which letter? (? for menu, Esc to quit)
b - a +0 sling;
p - 3 boomerangs You feel the dreadful sensation subside.
b - a +0 sling (weapon)
u - a yellow potion An orc comes into view.
It is wielding a +0 short sword.
The orc shouts!
You hear a shout!
An orc comes into view. It is wielding a +0 dagger.
You see here a +0 dagger.
You shoot a sling bullet.
The sling bullet completely misses the orc.
An orc priest comes into view. It is wielding a +0 hand axe.
There is a stone staircase leading down here.
There is a stone staircase leading up here.
You shoot a sling bullet. The sling bullet hits the orc.
The orc is heavily wounded.
Fire: b) +0 sling
Press: ? - help, Q - select action, (/) - cycle Shift-Dir - straight line, f - orc, p - orc
Aim: an orc, wielding a +0 dagger (52% to hit)
Okay, then.
Cast which spell? (? or * to list)
Aiming: Searing Ray (safe; 1% risk of failure)
Press: ? - help, Shift-Dir - straight line, f/p - orc
Aim: an orc, wielding a +0 short sword and wearing a +0 leather armour (heavily wounded, 79% to hit)
The searing ray hits the orc!
You kill the orc!
Vehumet accepts your kill. (Press . to maintain the ray.)
The searing ray hits the orc!
You kill the orc!
Vehumet accepts your kill.
You shoot a sling bullet.
Fire: b) +0 sling
Press: ? - help, Q - select action, (/) - cycle Shift-Dir - straight line, f - orc priest
Aim: an orc priest, wielding a +0 hand axe and wearing a +0 chain mail (wandering, hasn't noticed you, 61% to hit)
You shoot a sling bullet. The orc priest shouts!
The sling bullet hits the orc priest.
The orc priest is lightly wounded.
An orc comes into view. It is wielding a +0 hand axe.
Fire: b) +0 sling
Press: ? - help, Q - select action, (/) - cycle Shift-Dir - straight line, f/p - orc priest
Aim: an orc priest, wielding a +0 hand axe and wearing a +0 chain mail (lightly wounded, 61% to hit)
You shoot a sling bullet.
The sling bullet barely misses the orc priest.
Cast which spell? (? or * to list)
Aiming: Searing Ray (safe; 1% risk of failure)
Press: ? - help, Shift-Dir - straight line, f/p - orc priest
Aim: an orc priest, wielding a +0 hand axe and wearing a +0 chain mail (lightly wounded, 85% to hit)
The searing ray hits the orc priest!
The orc priest is severely wounded. (Press . to maintain the ray.)
The orc priest calls down the wrath of Beogh upon you.
Beogh smites you!
* * * LOW HITPOINT WARNING * * *
The searing ray hits the orc priest but does no damage.
The orc priest is severely wounded.
The searing ray hits the orc priest.
The orc priest is almost dead.
You aren't carrying any items that you can evoke.
Unknown command.
Unknown command.
Press: ? - help, v - describe, . - travel
Here: an orc, wielding a +0 hand axe and wearing a +0 ring mail The floor.
Unknown command.
Cast which spell? (? or * to list)
Aiming: Magic Dart (safe; 1% risk of failure)
Press: ? - help, Shift-Dir - straight line, f/p - orc priest
Aim: an orc priest, wielding a +0 hand axe and wearing a +0 chain mail (almost dead, 100% to hit)
The magic dart hits the orc priest but does no damage.
The orc priest is almost dead.
The orc hits you with a +0 hand axe.
* * * LOW HITPOINT WARNING * * *
The orc priest hits you with a +0 hand axe.
* * * LOW HITPOINT WARNING * * *
You aren't carrying any items that you can evoke.
Unknown command.
Okay, then.
Okay, then.
Magic courses through your body. The orc hits you with a +0 hand axe.
* * * LOW HITPOINT WARNING * * *
The orc priest hits you with a +0 hand axe!
You die...

#......#
#..............#
#.####..#
#..............## #.#
#...#
#.........[...... #.#
##.#
#...............#
#.#### ....
#.......÷.....#
#....# ##.
#.....÷.....# ####.##
#. ##....# #>.###
#.########..##†##.#
##...#
#...@..^...........
###.##
##..oo....#####..##
#..#####........####
#.# ##
##.........)........
.. ..
##.####[###)##.#.##
##. #.
#.####)###.##.#.# #.
#..##...............#
#....##.###.##.#.#.##
###........o.....#...


You could see an orc priest and an orc.

Vanquished Creatures
  Terence (D:3)
  2 orc wizards
  2 adders (D:2)
  A dart slug (D:1)
  4 orcs
  4 ball pythons
  A giant cockroach (D:1)
  A goblin (D:1)
  2 hobgoblins
  5 jackals
  A quokka (D:1)
  4 bats
  2 frilled lizards (D:1)
  6 kobolds
  3 rats
39 creatures vanquished.

Notes
Turn   | Place    | Note
-------+----------+-------------------------------------------
     0 | D:1      | jagoly the Octopode Conjurer began the quest for the Orb.
     0 | D:1      | Reached XP level 1. HP: 11/11 MP: 3/3
   103 | D:1      | Found a faded altar of an unknown god.
   120 | D:1      | Prayed at the altar of an unknown god.
   120 | D:1      | Became a worshipper of Vehumet
   120 | D:1      | Reached * piety under Vehumet
   120 | D:1      | Offered knowledge of Sandblast by Vehumet.
   175 | D:2      | Reached XP level 2. HP: 18/18 MP: 1/5
   178 | D:2      | Learned a level 2 spell: Searing Ray
   220 | D:2      | Reached skill level 1 in Fighting
   304 | D:1      | Reached XP level 3. HP: 23/23 MP: 4/6
   581 | D:2      | Reached XP level 4. HP: 29/29 MP: 5/8
   666 | D:4      | Found a runed translucent door.
   666 | D:4      | Noticed a bullfrog
   708 | D:4      | Offered knowledge of Momentum Strike by Vehumet.
   715 | D:4      | Reached ** piety under Vehumet
   725 | D:4      | Noticed Menkaure
   809 | D:4      | Noticed Dowan
   809 | D:4      | Noticed an ogre
   809 | D:4      | Noticed Duvessa
   822 | D:3      | Noticed Terence
   842 | D:3      | Killed Terence
   843 | D:3      | Reached skill level 5 in Conjurations
   843 | D:3      | Reached XP level 5. HP: 18/34 MP: 3/9
   882 | D:3      | Slain by an orc priest

Illustrated notes

Levels and vault maps discovered:
D:1:      spicycebolla_arrival_risky_transporter, layout_loops_ring,
          shapermc_ecumenical_altar_mp_highgroup, serial_park_tiny_pond
D:2:      layout_basic, small_statue_intersection, minmay_split_cup_small
D:3:      layout_rooms, minmay_diced_spiral, uniq_terence
D:4:      layout_basic, nicolae_overflow_hidden_temple, ebering_ghost_sewer_d,
          uniq_robin, uniq_menkaure, uniq_duvessa

Skill      XL: |  1  2  3  4 |
---------------+-------------+-----
Stealth        | 3 |  3.0
Fighting       | 1 2 |  2.0
Spellcasting   | 3 |  3.0
Conjurations   | 5 |  5.2
Dodging        | |  2.0

Action                     |  1- 3 |  4- 6 || total
---------------------------+-------+-------++-------
  Melee: Unarmed           |    13 |       ||    13
         Constrict         |    15 |     6 ||    21
         Tentacles         |     8 |     4 ||    12
         Whip              |    32 |    12 ||    44
   Fire: Sling             |       |    10 ||    10
   Cast: Magic Dart        |    12 |     2 ||    14
         Searing Ray       |     4 |    10 ||    14
    Use: Potion            |       |     1 ||     1
   Stab: Sleeping          |     5 |       ||     5
 Armour: Skin              |    31 |    18 ||    49
  Dodge: Dodged            |    53 |    14 ||    67
